 Dungeon Crawl Stone Soup version 0.25-a0-561-g0977b4d109 (webtiles) character file.

Game seed: 3384926971151931140, levelgen mode: deterministic

114 Flugslaktarn the Shield-Bearer (level 4, 0/42 HPs)
             Began as a Deep Dwarf Fighter on Feb 25, 2020.
             Was an Initiate of Makhleb.
             Succumbed to an orc wizard's poison
             ... on level 4 of the Dungeon.
             The game lasted 00:00:43 (503 turns).

Flugslaktarn the Shield-Bearer (Deep Dwarf Fighter)  Turns: 503, Time: 00:00:44

Health: 0/42       AC:  7    Str: 20    XL:     4   Next: 67%
Magic:  3/3        EV:  7    Int:  9    God:    Makhleb [......]
Gold:   79         SH:  9    Dex: 12    Spells: 3/3 levels left

rFire    . . .     SeeInvis .   a - +0 war axe
rCold    . . .     Gourm    .   c - +0 kite shield
rNeg     + . .     Faith    .   b - +0 scale mail
rPois    .         Spirit   .   (no helmet)
rElec    .         Reflect  .   (no cloak)
rCorr    .         Harm     .   (no gloves)
MR       .....                  (no boots)
Stlth    ..........             (no amulet)
HPRegen  0.00/turn              n - ring of positive energy
MPRegen  0.08/turn              (no ring)

@: lethally poisoned (0 -> -43), non-regenerating
A: damage resistance, heal wounds, sense surroundings 1, no regeneration
a: Heal Wounds, Renounce Religion


You were on level 4 of the Dungeon.
You worshipped Makhleb.
Makhleb was noncommittal.
You were not hungry.

You visited 2 branches of the dungeon, and saw 5 of its levels.

You collected 79 gold pieces.

Inventory:

Hand Weapons
 a - a +0 war axe (weapon)
Armour
 b - a +0 scale mail (worn)
 c - a +0 kite shield (worn)
Jewellery
 n - a ring of positive energy (left hand)
   (You found it on level 2 of the Dungeon)
Scrolls
 i - a scroll of magic mapping
Potions
 d - a potion of might
 f - 2 potions of cancellation {unknown}
 h - a potion of haste {unknown}
 j - 2 potions of curing {unknown}
 l - a potion of flight {unknown}
Comestibles
 e - a ration
 g - 3 chunks of flesh


   Skills:
 + Level 3.2 Fighting
 * Level 3.8 Axes
 + Level 3.9 Armour
 + Level 3.9 Shields
 + Level 0.4 Invocations


You had 3 spell levels left.
You didn't know any spells.
Your spell library was empty.

Dungeon Overview and Level Annotations

Branches:
Dungeon (4/15)             Temple (1/1) D:4

Altars:
Cheibriados
Elyvilon
Gozag
Hepliaklqana
Makhleb
Nemelex Xobeh
Okawaru
Qazlal
Sif Muna
Uskayaw
Xom
Yredelemnul
Zin


Innate Abilities, Weirdness & Mutations

You are resistant to damage.
You can heal yourself by infusing magical energy.
You passively map a small area around you.
You do not regenerate.


Message History

Something hits you.
You are lethally poisoned!
You hit something.
You feel very sick. You block something's attack.
You feel very sick. The ogre barely misses you.
You barely miss the ogre. You miss something.
You feel very sick. You block something's attack. You block the ogre's attack.
Something hits you but does no damage.
You are more poisoned.
You hit the ogre but do no damage. You completely miss something.
You feel very sick. The ogre hits you with a +0 giant club!
* * * LOW HITPOINT WARNING * * *
Something hits you.
You are more poisoned.
You closely miss something. You hit the ogre.
You die...

#...####.#>.# *,.
#...####....###* *,.
#..............** **. *********
##.##........>.,** **.
,,,**,,,**#...#............* *,.
,,,,,,,,,*#...#............* *,.
,,,,,,,,,,#8_8#........!...****,.
,,,,,,,,..#####).........,,,,**,.
,,,,,,,,......){@O.......,,*,**,.
,,,,,,,,......)..........,,*,**,(
,,,*,,,,#...........(....,,,,,,,.
*****,**#.........##.....,,*,,,,#
*,**#....######*#....,,,,,,,*
*,,*#....* *...,,,,,,,,*
***,,.....* *,,.,,,,,,,,*
*,,,,....,* ****,,,,,,,,*
*,,,,,***** **,,,>,,,,*


You could see an ogre.

Vanquished Creatures
  A hound (D:4)
  A hound skeleton (D:4)
  4 gnolls (D:2)
  An adder (D:2)
  A leopard gecko (D:2)
  4 orcs (D:4)
  A bat (D:2)
  A giant cockroach (D:2)
  4 goblins
  3 hobgoblins (D:2)
  A leopard gecko skeleton (D:4)
22 creatures vanquished.

Notes
Turn   | Place    | Note
-------+----------+-------------------------------------------
     0 | D:1      | Flugslaktarn the Deep Dwarf Fighter began the quest for the
                  | Orb.
     0 | D:1      | Reached XP level 1. HP: 20/20 MP: 1/1
    97 | D:2      | Reached XP level 2. HP: 20/27 MP: 2/2
   102 | D:2      | Reached XP level 3. HP: 33/34 MP: 3/3
   305 | D:4      | Reached XP level 4. HP: 21/42 MP: 4/4
   318 | D:4      | Found a staircase to the Ecumenical Temple.
   337 | Temple   | Entered the Ecumenical Temple
   393 | Temple   | Became a worshipper of Makhleb the Destroyer
   459 | D:4      | Found an opulent altar of Gozag.
   495 | D:4      | Noticed an ogre
   503 | D:4      | Succumbed to an orc wizard's poison

Levels and vault maps discovered:
D:1:      dpeg_arrival_concentric_ovals, layout_rooms
D:2:      layout_basic, uniq_natasha, uniq_crazy_yiuf_cottage
D:3:      layout_rooms, nicolae_overflow_crystal_walls,
          lemuel_coloured_pillars_altar, first_ration
D:4:      layout_rooms, grunt_gozag_breadcrumbs, minmay_temple_entry_overgrown,
          serial_shops, shop
Temple:   hc_temple_tempest_star

Skill      XL: |  1  2 |
---------------+-------+-----
Fighting       | 3 |  3.2
Axes           | 3 |  3.8
Armour         | |  3.9
Shields        | |  3.9
Invocations    | |  0.4

Action                   |  1- 3 |  4- 6 || total
-------------------------+-------+-------++-------
Melee: War axe           |    58 |    21 ||    79
 Abil: Heal Wounds       |     3 |     2 ||     5
  Use: Scroll            |       |     2 ||     2
Armor: Scale mail        |    20 |    11 ||    31
Dodge: Dodged            |    33 |     4 ||    37
Block: Kite shield       |    38 |    11 ||    49

Table legend:
 A = Non-vault XP
 B = Vault XP
 C = Vault XP percentage of total XP
 D = Non-vault monster count
 E = Vault monster count
 F = Vault count percentage of total count
                 A         B        C        D         E       F
            +---------+---------+-------+---------+---------+-------
      Total |     164 |       0 |   0.0 |      22 |       0 |   0.0
            +---------+---------+-------+---------+---------+-------
        D:2 |      90 |       0 |   0.0 |      14 |       0 |   0.0
        D:3 |       1 |       0 |   0.0 |       1 |       0 |   0.0
        D:4 |      73 |       0 |   0.0 |       7 |       0 |   0.0
            +---------+---------+-------+---------+---------+-------
